 Dungeon Crawl Stone Soup version 0.30.0-10-gfe55d96785 (webtiles) character file.

Game seed: 7031722160276212553

140 Edyrem the Trooper (level 5, -5/34 HPs)
             Began as a Kobold Gladiator on May 16, 2023.
             Was a Follower of Okawaru.
             Slain by a black bear (10 damage)
             ... on level 3 of the Dungeon.
             The game lasted 00:03:54 (2266 turns).

Edyrem the Trooper (Kobold Gladiator)               Turns: 2266, Time: 00:03:55

Health: -5/34      AC:  5    Str: 12    XL:     5   Next: 46%
Magic:  5/5        EV: 15    Int:  9    God:    Okawaru [*.....]
Gold:   82         SH:  4    Dex: 18    Spells: 4/4 levels left

rFire   . . .        a - +0 rapier
rCold   + . .        u - +0 buckler
rNeg    . . .        b - +0 leather armour
rPois   .            c - +0 helmet
rElec   .            (no cloak)
rCorr   .            s - +0 pair of gloves
SInv    .            (no boots)
Will    .....        A - amulet of faith
Stlth   ++           n - ring of protection from cold
HPRegen 0.25/turn    (no ring)
MPRegen 0.09/turn

%: faith
@: no status effects
A: small, no large weapons, nightstalker 3
a: Renounce Religion, Heroism


You were on level 3 of the Dungeon.
You worshipped Okawaru.
Okawaru was aware of your devotion.
You visited 1 branch of the dungeon, and saw 3 of its levels.

You collected 104 gold pieces.
You spent 22 gold pieces at shops.

Inventory:

Hand Weapons
 a - a +0 rapier (weapon)
 h - a +0 dagger of holy wrath
Missiles
 d - 3 throwing nets (quivered)
 e - 2 boomerangs
Armour
 b - a +0 leather armour (worn)
 c - a +0 helmet (worn)
 s - a +0 pair of gloves (worn)
 t - a +0 scale mail
 u - a +0 buckler (worn)
 z - a +0 plate armour
Jewellery
 l - an amulet of reflection
 n - a ring of protection from cold (left hand)
 A - an amulet of faith (around neck)
Wands
 r - a wand of polymorph (5)
Scrolls
 f - a scroll of enchant armour {unknown}
 i - 4 scrolls of identify {@r1}
 k - a scroll of fear {unknown}
 o - a scroll of vulnerability {unknown}
 p - a scroll of immolation {unknown}
 q - a scroll of fog {unknown}
 x - a scroll of amnesia {unknown}
 y - a scroll of noise {unknown}
Potions
 g - 3 potions of curing {unknown}
 j - a potion of brilliance {unknown}
 m - 2 potions of resistance {unknown}
 v - 3 potions of lignification {unknown}
 w - a potion of degeneration {unknown}


   Skills:
 + Level 4.7 Fighting
 - Level 4.6 Short Blades
 - Level 2.8 Throwing
 - Level 4.2 Dodging


You had 4 spell levels left.
You didn't know any spells.
Your spell library contained the following spells:

 Spells                   Type           Power      Damage    Failure   Level
 Sublimation of Blood     Necr           0%         N/A       75%         2
 Wereblood                Tmut           0%         N/A       75%         2
 Summon Hydra             Summ           Unusable   N/A       N/A         7

Dungeon Overview and Level Annotations

Branches:
Dungeon (3/15)

Altars:
Fedhas
Nemelex Xobeh
Okawaru

Shops:
D:2 ?


Innate Abilities, Weirdness & Mutations

You are small and have problems with some larger weapons.
You are completely attuned to the shadows.


Message History

No target in view!
No target in view!
You see here a ball python corpse.
An ufetubus comes into view.
A black bear comes into view.
The helpless ufetubus fails to defend itself.
You puncture the ufetubus!
You kill the ufetubus!
Okawaru accepts your kill.
The helpless black bear fails to defend itself.
You puncture the black bear!
The black bear is moderately wounded.
The black bear bites you. The black bear closely misses you.
You block the black bear's attack.
You hit the black bear.
The black bear is heavily wounded.
The black bear bites you but does no damage.
The black bear claws you but does no damage. x2
You hit the black bear but do no damage.
The black bear is heavily wounded.
The black bear bites you. The black bear claws you.
The black bear barely misses you.
You hit the black bear.
The black bear is heavily wounded.
The black bear bites you but does no damage.
The black bear misses you.
The black bear claws you but does no damage.
You puncture the black bear!
The black bear is almost dead.
The black bear goes berserk!
You hit the black bear.
The black bear is almost dead.
The black bear bites you! You block the black bear's attack. x2
You hit the black bear.
The black bear is almost dead.
The black bear bites you!
* * * LOW HITPOINT WARNING * * *
The black bear closely misses you. You block the black bear's attack.
The black bear bites you!
You die...

.# ##.###.# #.#
...####.#.##.####.#
.#.#...###......#.#
......##
##..##.#.## ##...##
##.##.#... #.##.##
##.##.#..# #. ##.##
#P.P#.####
#h####.###≈.≈###
#.@...###≈≈.≈≈##
#######P≈≈≈.≈≈≈P
......... P≈≈≈.≈≈≈P
###≈≈.≈≈## #.....#
#.##≈.≈## 8...8#
#.##P.P# ##>##
#.###.## ######
#.#.#.#


You could see a black bear (berserk).

Vanquished Creatures
  An orc wizard (D:3)
  3 adders
  An ufetubus (D:3)
  4 worms
  4 dart slugs
  3 orcs (D:3)
  5 bats
  An endoplasm (D:1)
  6 giant cockroaches
  2 goblins
  7 hobgoblins
  6 jackals
  A quokka (D:2)
  4 ball pythons
  3 frilled lizards
  A kobold (D:1)
  7 rats
59 creatures vanquished.

Notes
Turn   | Place    | Note
-------+----------+-------------------------------------------
     0 | D:1      | Edyrem the Kobold Gladiator began the quest for the Orb.
     0 | D:1      | Reached XP level 1. HP: 12/12 MP: 1/1
   141 | D:1      | Reached XP level 2. HP: 13/18 MP: 2/2
   428 | D:1      | Reached XP level 3. HP: 22/22 MP: 3/3
   952 | D:2      | Found a faded altar of an unknown god.
   961 | D:2      | Prayed at the altar of an unknown god.
   961 | D:2      | Became a worshipper of Warmaster Okawaru
   961 | D:2      | Reached * piety under Okawaru
  1174 | D:2      | Found Kim Peph's Magic Scroll Shop.
  1190 | D:2      | Bought a scroll of identify for 22 gold pieces
  1245 | D:2      | Reached XP level 4. HP: 16/27 MP: 4/4
  1744 | D:3      | Found a blossoming altar of Fedhas.
  1768 | D:3      | Reached XP level 5. HP: 33/33 MP: 5/5
  1813 | D:3      | Found a sparkling altar of Nemelex Xobeh.
  2255 | D:3      | Noticed a black bear
  2266 | D:3      | Slain by a black bear

Illustrated notes

Levels and vault maps discovered:
D:1:      dpeg_arrival_tiny_c, layout_loops_ring,
          chequers_serial_rivers_micro_b, st_stairs_14, minmay_indecisive_spiral
D:2:      layout_rooms, ebering_ecumenical_altar_sacrificial, serial_shops,
          shop, minmay_cut_off
D:3:      layout_loops_ring, mainiacjoe_overflow_tiny_flanked,
          nicolae_overflow_hidden_temple, nemelex_spade_bored_becter,
          dreamdust_princess_bridge

Skill      XL: |  1  2  3  4 |
---------------+-------------+-----
Dodging        | 4 |  4.2
Fighting       | 4 |  4.7
Short Blades   | |  4.6
Throwing       | |  2.8

Action                     |  1- 3 |  4- 6 || total
---------------------------+-------+-------++-------
  Melee: Rapier            |    76 |    90 ||   166
         Punch             |     1 |       ||     1
   Stab: Sleeping          |    11 |    13 ||    24
 Armour: Leather armour    |     9 |    22 ||    31
  Dodge: Dodged            |    44 |    33 ||    77
  Block: Other             |     9 |       ||     9
         Buckler           |       |    28 ||    28
